 Dungeon Crawl Stone Soup version 0.29-a0-330-g52719c12eb (webtiles) character file.

Game seed: 5836236494514929109

916 kae the Firebug (level 7, 0/50 HPs)
             Began as a Demigod Fire Elementalist on Apr 19, 2022.
             Blown up by an orc wizard (18 damage)
             ... with a mindburst bolt
             ... on level 5 of the Dungeon.
             The game lasted 00:05:39 (7679 turns).

kae the Firebug (Demigod Fire Elementalist)         Turns: 7679, Time: 00:05:40

Health: 0/50       AC:  2    Str:  9    XL:     7   Next: 53%
Magic:  8/16       EV: 15    Int: 25    God:
Gold:   181        SH:  4    Dex: 14    Spells: 0/13 levels left

rFire   . . .      SeeInvis .   f - +0 short sword
rCold   . . .      Faith    .   o - +0 buckler
rNeg    . . .      Spirit   .   a - +0 robe
rPois   .          Reflect  .   (no helmet)
rElec   .          Harm     .   (no cloak)
rCorr   .          Rampage  .   (no gloves)
Will    .....                   (no boots)
Stlth   ++........              h - amulet of regeneration
HPRegen 0.96/turn               k - ring of flight
MPRegen 0.15/turn               u - +4 ring of evasion

@: flying, invisible
A: high MP 1, forlorn, divine attributes
a: no special abilities


You were on level 5 of the Dungeon.
You visited 1 branch of the dungeon, and saw 5 of its levels.

You collected 263 gold pieces.
You spent 82 gold pieces at shops.

Inventory:

Hand Weapons
 f - a +0 short sword (weapon)
Armour
 a - a +0 robe (worn)
 o - a +0 buckler (worn)
Jewellery
 h - an amulet of regeneration (around neck)
 k - a ring of flight (left hand)
 l - a ring of ice
 u - a +4 ring of evasion (right hand)
 w - an amulet of guardian spirit
Wands
 c - a wand of flame (8)
 s - a wand of iceblast (8)
Scrolls
 m - 2 scrolls of identify
 p - a scroll of magic mapping
 r - 2 scrolls of fog
 v - a scroll of teleportation
Potions
 b - a potion of magic
 d - 3 potions of curing
 e - 3 potions of mutation
 g - a potion of resistance
 i - a potion of haste
 j - a potion of might
 t - a potion of lignification
 x - 2 potions of attraction


   Skills:
 - Level 1.7 Dodging
 - Level 1.7 Stealth
 + Level 2.5 Shields
 + Level 3.8 Spellcasting
 + Level 3.8 Conjurations
 * Level 6.0 Fire Magic


You couldn't memorise any spells.
You knew the following spells:

 Your Spells              Type           Power      Damage    Failure   Level
a - Foxfire               Conj/Fire      100%       2x1d9     1%          1
b - Scorch                Fire           70%        2d8       1%          2
c - Conjure Flame         Conj/Fire      29%        6-21      4%          3
d - Inner Flame           Hex/Fire       19%        N/A       11%         3
e - Flame Wave            Conj/Fire      29%        2d8       16%         4

Your spell library contained the following spells:

 Spells                   Type           Power      Damage    Failure   Level
 Blink                    Tloc           8%         N/A       19%         2
 Manifold Assault         Tloc           4%         N/A       98%         5
 Storm Form               Tmut/Air       2%         N/A       100%        7


Dungeon Overview and Level Annotations

Branches:
Dungeon (5/15)
 Temple: D:4-7

Shops:
D:1 =[=   D:3 :?

Annotations:
D:4 1 runed translucent door, Thantalas's ghost, amateur MfSu


Innate Abilities, Weirdness & Mutations

You have an increased reservoir of magic. (+10% MP)
You shall have no god before yourself.
Your divine heritage dramatically boosts your attributes as you level up.


Message History

You kill the hound!
Your Fire Magic skill increases to level 6!
Unknown command.
Casting: Scorch (safe; 1% risk of failure)
Confirm with . or Enter, or press ? or * to list all spells.
You conjure some foxfire!
The foxfire hits something.
The foxfire hits something but does no damage.
You hear a zap.
Your mind is blasted!
* * * LOW HITPOINT WARNING * * *
You feel better. Something hits you.
* * * LOW HITPOINT WARNING * * *
You fade into invisibility!
You hear a zap.
Something tries to affect you, but you resist.
The orc completely misses you.
Casting: Foxfire (safe; 1% risk of failure)
Confirm with . or Enter, or press ? or * to list all spells.
You conjure some foxfire!
The orc misses you.
The foxfire hits the orc!
You kill the orc!
The foxfire hits something.
You hear some strange, mumbled words.
A puff of flame appears from out of thin air!
The puff of flame misses you.
Casting: Foxfire (safe; 1% risk of failure)
Confirm with . or Enter, or press ? or * to list all spells.
You conjure some foxfire!
The foxfire hits something.
The foxfire hits something but does no damage.
Something hits you.
The orc priest mumbles some strange prayers to Beogh against the orc priest.
The orc priest struggles to resist.
Casting: Foxfire (safe; 1% risk of failure)
Confirm with . or Enter, or press ? or * to list all spells.
You conjure some foxfire!
You hear a zap.
Your mind is blasted!
You die...

########
####...§vv###
#......§@{o.###
#####..###.o..###
##..## ####...##
##..[## ##...#
#.....# ##..# #
####..# #..# ##
##.# #..# ##.
#.## #..# ##..
#..# #h.# #...


You could see 2 orc priests.

Vanquished Creatures
  Duvessa (D:4)
  An ogre (D:5)
  A scorpion (D:4)
  Dowan (D:4)
  3 hounds
  2 orc priests
  A gnoll shaman (D:3)
  Ijyb (D:4)
  Natasha (thrice) (D:1)
  2 iguanas
  2 orc wizards
  Robin (D:3)
  9 gnolls
  4 adders
  3 dart slugs
  17 orcs
  4 ball pythons
  9 endoplasms
  4 giant cockroaches
  5 hobgoblins
  4 jackals (D:3)
  6 kobolds
  2 quokkas
  7 bats
  3 frilled lizards
  21 goblins
  6 rats
123 creatures vanquished.

Vanquished Creatures (collateral kills)
  3 foxfires (D:2)
3 creatures vanquished.

Vanquished Creatures (others)
  376 foxfires
376 creatures vanquished.

Grand Total: 502 creatures vanquished

Notes
Turn   | Place    | Note
-------+----------+-------------------------------------------
     0 | D:1      | kae the Demigod Fire Elementalist began the quest for the
                  | Orb.
     0 | D:1      | Reached XP level 1. HP: 14/14 MP: 5/5
    46 | D:1      | Found Ashrunt's Armour Boutique.
   185 | D:1      | Reached skill level 1 in Conjurations
   251 | D:1      | Found Puti's Jewellery Boutique.
   460 | D:1      | Reached skill level 3 in Fire Magic
   512 | D:1      | Reached XP level 2. HP: 12/20 MP: 4/7
   519 | D:1      | Learned a level 2 spell: Scorch
  1219 | D:1      | Found Riofaikh's Jewellery Boutique.
  1757 | D:2      | Noticed Natasha
  1766 | D:1      | Killed Natasha
  1767 | D:1      | Reached XP level 3. HP: 21/26 MP: 2/9
  1889 | D:1      | Found Puti's Jewellery Boutique.
  1976 | D:1      | Found Ashrunt's Armour Boutique.
  2110 | D:1      | Noticed Natasha
  2114 | D:1      | Killed Natasha
  2486 | D:1      | Found Riofaikh's Jewellery Boutique.
  2584 | D:1      | Found Puti's Jewellery Boutique.
  2677 | D:1      | Found Ashrunt's Armour Boutique.
  2715 | D:1      | Noticed Natasha
  2724 | D:1      | Killed Natasha
  2725 | D:1      | Reached XP level 4. HP: 30/33 MP: 3/10
  3221 | D:2      | Reached skill level 4 in Fire Magic
  4325 | D:2      | Reached XP level 5. HP: 37/38 MP: 9/11
  4992 | D:3      | Found Fumix's Magic Scroll Emporium.
  5003 | D:3      | Bought a scroll of identify for 22 gold pieces
  5003 | D:3      | Bought a scroll of magic mapping for 38 gold pieces
  5003 | D:3      | Bought a scroll of identify for 22 gold pieces
  5212 | D:3      | Found Itzour's Book Shoppe.
  5463 | D:3      | Learned a level 3 spell: Conjure Flame
  5511 | D:3      | Noticed Robin
  5531 | D:3      | Killed Robin
  5922 | D:4      | Noticed Duvessa
  5922 | D:4      | Noticed Dowan
  5941 | D:4      | Killed Duvessa
  5942 | D:4      | Reached skill level 1 in Shields
  5942 | D:4      | Reached XP level 6. HP: 25/45 MP: 3/13
  6108 | D:4      | Learned a level 3 spell: Inner Flame
  6131 | D:4      | Killed Dowan
  6132 | D:4      | Reached skill level 5 in Fire Magic
  6290 | D:4      | Found a runed translucent door.
  6297 | D:4      | Noticed Thantalas's ghost (amateur MfSu)
  6578 | D:4      | Reached XP level 7. HP: 50/50 MP: 13/15
  6587 | D:4      | Learned a level 4 spell: Flame Wave
  6650 | D:4      | Noticed Ijyb
  6659 | D:4      | Killed Ijyb
  7231 | D:5      | Entered Level 5 of the Dungeon
  7669 | D:5      | Reached skill level 6 in Fire Magic
  7679 | D:5      | Blown up by an orc wizard

Illustrated notes

Levels and vault maps discovered:
D:1:      eino_arrival_cavern_b, layout_loops_ring, serial_shops,
          shop_fountains, shop_statue, nicolae_shop_behind_doors,
          basic_ecumenical_altar
D:2:      layout_rooms, st_stairs_13, serial_bayou_crossing, uniq_natasha
D:3:      layout_basic, serial_shops, shop_statue, shop, minmay_unequal,
          uniq_robin
D:4:      layout_basic, ebering_ghost_reflecting_pool, uniq_duvessa, uniq_ijyb
D:5:      layout_layer_cave, serial_shops, nicolae_stop_n_shop_1,
          gammafunk_ghost_nasty_kobolds, minmay_fountain_box

Skill      XL: |  1  2  3  4  5  6  7 |
---------------+----------------------+-----
Conjurations   | 1 2 3 |  3.8
Fire Magic     | 3 4 5 6 |  6.0
Spellcasting   | 2 3 |  3.8
Shields        | 1 2 |  2.5
Dodging        | |  1.7
Stealth        | |  1.7

Action                   |  1- 3 |  4- 6 |  7- 9 || total
-------------------------+-------+-------+-------++-------
Melee: Short sword       |    14 |     5 |       ||    19
 Cast: Foxfire           |    48 |   121 |    54 ||   223
       Scorch            |     5 |    35 |    10 ||    50
  Use: Scroll            |     3 |    11 |     3 ||    17
       Potion            |       |     2 |     3 ||     5
Armor: Robe              |     7 |    16 |     3 ||    26
Dodge: Dodged            |    26 |    71 |    15 ||   112
Block: Buckler           |       |    17 |     6 ||    23

Table legend: (Time is in decaauts)
 A = Elapsed time spent in this place.
 B = Non-inter-level travel time spent in this place.
 C = Inter-level travel time spent in this place.
 D = Time resting spent in this place.
 E = Time spent auto-exploring this place.
 F = Levels seen in this place.
 G = Mean time per level.
                   A        B        C        D        E       F      G
               +--------+--------+--------+--------+--------+-----+--------+
         Total |   7686 |   7287 |    399 |    595 |   5707 |   5 | 1537.2 |
       Dungeon |   7686 |   7287 |    399 |    595 |   5707 |   5 | 1537.2 |
               +--------+--------+--------+--------+--------+-----+--------+

Top non-repeatable levels by time:
     D:1: 3711 daAuts
     D:4: 1379 daAuts
     D:3: 1137 daAuts
     D:2: 1011 daAuts
     D:5: 447 daAuts
